 Dungeon Crawl Stone Soup version 0.27-a0-676-gc1da3516c2 (webtiles) character file.

Game seed: 8119093336275479372

239 Riddle the Skirmisher (level 6, -3/53 HPs)
             Began as a Gnoll Abyssal Knight on Mar 18, 2021.
             Was a Believer of Lugonu.
             Slain by Edmund
             ... wielding a +2 flail of protection
              (7 damage)
             ... on level 4 of the Dungeon.
             The game lasted 00:05:27 (3858 turns).

Riddle the Skirmisher (Gnoll Abyssal Knight)        Turns: 3858, Time: 00:05:28

Health: -3/53      AC:  8    Str: 13    XL:     6   Next: 7%
Magic:  9/9        EV: 11    Int: 12    God:    Lugonu [**....]
Gold:   157        SH:  0    Dex: 11    Spells: 8/8 levels left

rFire    . . .     SeeInvis .   p - +0 war axe
rCold    . . .     Faith    .   (no shield)
rNeg     . . .     Spirit   .   c - +0 ring mail
rPois    .         Reflect  .   (no helmet)
rElec    .         Harm     .   g - scarf {repulsion}
rCorr    .         Rampage  .   s - +0 pair of gloves
Will     .....                  n - +0 pair of boots
Stlth    +.........             d - amulet of regeneration
HPRegen  1.17/turn              (no ring)
MPRegen  0.11/turn              (no ring)

@: repel missiles
A: fangs 1, strong nose, distributed training
a: Renounce Religion, Depart the Abyss, Bend Space


You were on level 4 of the Dungeon.
You worshipped Lugonu.
Lugonu was pleased with you.
You visited 1 branch of the dungeon, and saw 4 of its levels.
You visited the Abyss 1 time.

You collected 157 gold pieces.

Inventory:

Hand Weapons
 p - a +0 war axe (weapon)
Armour
 b - a +0 chain mail
 c - a +0 ring mail (worn)
 g - a scarf of repulsion (worn)
 n - a +0 pair of boots (worn)
 s - a +0 pair of gloves (worn)
Jewellery
 d - an amulet of regeneration (around neck)
 k - a ring of positive energy
 r - a +4 ring of protection
 w - a ring of flight
Wands
 v - a wand of flame (17)
Scrolls
 a - 2 scrolls of identify {unknown}
 f - a scroll of silence {unknown}
 h - a scroll of acquirement {unknown}
 i - a scroll of enchant weapon {unknown}
 l - a scroll of teleportation {unknown}
 m - a scroll of enchant armour {unknown}
 q - a scroll of magic mapping {unknown}
 y - a scroll of brand weapon {unknown}
Potions
 e - a potion of degeneration {unknown}
 j - a potion of invisibility
 o - a potion of ambrosia {unknown}
 t - 4 potions of curing {unknown}
 u - a potion of magic {unknown}
 x - 2 potions of brilliance {unknown}
 z - a potion of haste {unknown}


   Skills:
 + Level 6.8 Fighting
 + Level 1.8 Short Blades
 + Level 1.8 Long Blades
 + Level 1.8 Axes
 + Level 4.9 Maces & Flails
 + Level 1.8 Polearms
 + Level 1.8 Staves
 + Level 1.8 Slings
 + Level 1.8 Bows
 + Level 1.8 Crossbows
 + Level 1.8 Throwing
 + Level 4.9 Armour
 + Level 3.1 Dodging
 + Level 1.8 Stealth
 + Level 1.8 Shields
 + Level 1.8 Unarmed Combat
 + Level 1.8 Spellcasting
 + Level 1.4 Conjurations
 + Level 1.4 Hexes
 + Level 1.4 Summonings
 + Level 1.4 Necromancy
 + Level 1.4 Translocations
 + Level 1.4 Transmutations
 + Level 1.4 Fire Magic
 + Level 1.4 Ice Magic
 + Level 1.4 Air Magic
 + Level 1.4 Earth Magic
 + Level 1.4 Poison Magic
 + Level 5.0 Invocations
 + Level 1.8 Evocations


You had 8 spell levels left.
You didn't know any spells.
Your spell library was empty.

Dungeon Overview and Level Annotations

Branches:
Dungeon (4/15)
 Temple: D:4-7

Altars:
Cheibriados
Fedhas
Okawaru
Qazlal
Vehumet

Annotations:
D:2 exclusion: oklob plant
D:4 3 runed translucent doors, Allula97's ghost, amateur DsGl; Edmund; Eustachio; JoanKharjo's ghost, amateur HuAM; Rosaphim's ghost, amateur DECj; paps's ghost, amateur DsSu


Innate Abilities, Weirdness & Mutations

You have very sharp teeth.
Your uncanny sense of smell can sniff out nearby items.
Your experience applies equally to all skills.


Message History

You hit Eustachio but do no damage.
Eustachio is moderately wounded.
You hit Edmund but do no damage. Eustachio barely misses you.
The bat closely misses you.
Edmund hits you with a +2 flail of protection!
Eustachio hits you with a +0 falchion.
You miss Eustachio.
Eustachio is moderately wounded.
You closely miss Edmund. The bat hits you but does no damage.
The bat barely misses you. Edmund completely misses you.
Eustachio hits you with a +0 falchion.
Edmund hits you with a +2 flail of protection.
You closely miss Eustachio.
Eustachio is moderately wounded.
You barely miss the bat. You closely miss Edmund.
The bat hits you but does no damage. Eustachio hits you with a +0 falchion.
Edmund barely misses you.
Eustachio gestures wildly while chanting.
You closely miss Eustachio.
Eustachio is moderately wounded.
Your ring mail prevents you from hitting Edmund.
You closely miss the bat. The bat hits you but does no damage.
Edmund hits you with a +2 flail of protection.
The bat hits you but does no damage. Eustachio hits you with a +0 falchion.
The shadow imp puffs mist at you.
Edmund hits you with a +2 flail of protection!
* * * LOW HITPOINT WARNING * * *
Unknown command.
The bat closely misses you.
Eustachio casts a spell.
Eustachio blinks!
The bat misses you. The shadow imp spits at you. The bat hits you.
* * * LOW HITPOINT WARNING * * *
Edmund hits you with a +2 flail of protection!
* * * LOW HITPOINT WARNING * * *
The bat hits you but does no damage.
Edmund hits you with a +2 flail of protection!
You die...

##............#####......##.P⌠P!#
...............# #.....##8.....8
...............# #....>#[.......
...............# #.....#[.......
###########...#####.....#8.......
.# #####.............#)....WWW .#
..................####+++## .#
........5@5.......##....... .#
.......#.@b@.......####..##. ##
.......########.........####
.......# #.........#... #
.......# ###.........#... # ....
#............... # .....
#............... # .....#
#............... # #...#
#............... # #...##
###.........####


You could see Edmund, Eustachio, a white imp (summoned), a shadow imp (summoned)
and a bat (summoned).

Vanquished Creatures
  Blork the orc (D:4)
  A hound (D:4)
  A centaur skeleton (D:4)
  3 adders
  3 oozes
  3 dart slugs
  5 leopard geckos
  5 orcs
  A giant cockroach (D:1)
  7 goblins
  8 hobgoblins
  4 jackals (D:1)
  A ball python (D:1)
  8 bats
  8 frilled lizards
  7 kobolds
  6 rats
72 creatures vanquished.

Vanquished Creatures (others)
  A plant (D:1)
  5 starspawn tentacles (Abyss:1)
  11 toadstools (D:2)
  2 withered plants (D:4)
19 creatures vanquished.

Grand Total: 91 creatures vanquished

Notes
Turn   | Place    | Note
-------+----------+-------------------------------------------
     0 | Abyss:1  | Riddle the Gnoll Abyssal Knight began the quest for the
                  | Orb.
     0 | Abyss:1  | Reached XP level 1. HP: 23/23 MP: 3/3
   154 | Abyss:1  | Noticed a shadow dragon
   161 | Abyss:1  | Noticed a tentacled starspawn
   181 | Abyss:1  | Noticed an alligator skeleton
   187 | Abyss:1  | Noticed an apocalypse crab
   202 | D:1      | Escaped the Abyss
   276 | D:1      | Reached * piety under Lugonu
   289 | D:1      | Reached XP level 2. HP: 23/29 MP: 5/5
   625 | D:1      | Reached XP level 3. HP: 35/35 MP: 6/6
   848 | D:1      | Reached ** piety under Lugonu
  1125 | D:2      | Reached skill level 1 in Short Blades
  1125 | D:2      | Reached skill level 1 in Long Blades
  1125 | D:2      | Reached skill level 1 in Axes
  1125 | D:2      | Reached skill level 1 in Polearms
  1125 | D:2      | Reached skill level 1 in Staves
  1125 | D:2      | Reached skill level 1 in Slings
  1125 | D:2      | Reached skill level 1 in Bows
  1125 | D:2      | Reached skill level 1 in Crossbows
  1125 | D:2      | Reached skill level 1 in Throwing
  1125 | D:2      | Reached skill level 1 in Stealth
  1125 | D:2      | Reached skill level 1 in Shields
  1125 | D:2      | Reached skill level 1 in Unarmed Combat
  1125 | D:2      | Reached skill level 1 in Spellcasting
  1125 | D:2      | Reached skill level 1 in Evocations
  1201 | D:2      | Reached XP level 4. HP: 41/41 MP: 7/7
  1267 | D:2      | Found a snail-covered altar of Cheibriados.
  1349 | D:2      | Found a stormy altar of Qazlal.
  1429 | D:2      | Found a blossoming altar of Fedhas.
  1440 | D:2      | Noticed an oklob plant
  2167 | D:3      | Reached skill level 1 in Conjurations
  2167 | D:3      | Reached skill level 1 in Hexes
  2167 | D:3      | Reached skill level 1 in Summonings
  2167 | D:3      | Reached skill level 1 in Necromancy
  2167 | D:3      | Reached skill level 1 in Translocations
  2167 | D:3      | Reached skill level 1 in Transmutations
  2167 | D:3      | Reached skill level 1 in Fire Magic
  2167 | D:3      | Reached skill level 1 in Ice Magic
  2167 | D:3      | Reached skill level 1 in Air Magic
  2167 | D:3      | Reached skill level 1 in Earth Magic
  2167 | D:3      | Reached skill level 1 in Poison Magic
  2171 | D:3      | Found a radiant altar of Vehumet.
  2171 | D:3      | Found an iron altar of Okawaru.
  3066 | D:4      | Noticed Blork the orc
  3068 | D:4      | Noticed Edmund
  3074 | D:4      | Killed Blork the orc
  3075 | D:4      | Reached XP level 5. HP: 30/47 MP: 8/8
  3300 | D:4      | Reached skill level 5 in Invocations
  3300 | D:4      | Reached XP level 6. HP: 53/53 MP: 9/9
  3397 | D:4      | Found a runed translucent gate.
  3400 | D:4      | Found a runed translucent gate.
  3415 | D:4      | Found a runed translucent gate.
  3415 | D:4      | Noticed Allula97's ghost (amateur DsGl)
  3415 | D:4      | Noticed Rosaphim's ghost (amateur DECj)
  3415 | D:4      | Noticed paps's ghost (amateur DsSu)
  3415 | D:4      | Noticed JoanKharjo's ghost (amateur HuAM)
  3546 | D:4      | Noticed Eustachio
  3858 | D:4      | Slain by Edmund

Illustrated notes

Levels and vault maps discovered:
D:1:      denvon_arrival_planthouse, layout_basic, serial_bayou_pond_a
D:2:      layout_basic, kennysheep_slug_shrine, nicolae_overflow_crystal_walls,
          tgw_fedhas, chequers_hall_statues_y
D:3:      layout_basic, gammafunk_temple_overflow_statue, due_unseen_surprise
D:4:      layout_basic, zin_scriptorium, gammafunk_ghost_cemetery,
          uniq_eustachio, uniq_blork_the_orc, uniq_edmund

Skill      XL: |  1  2  3  4  5 |
---------------+----------------+-----
Short Blades   | 1 |  1.8
Long Blades    | 1 |  1.8
Axes           | 1 |  1.8
Polearms       | 1 |  1.8
Staves         | 1 |  1.8
Slings         | 1 |  1.8
Bows           | 1 |  1.8
Crossbows      | 1 |  1.8
Throwing       | 1 |  1.8
Stealth        | 1 |  1.8
Shields        | 1 |  1.8
Unarmed Combat | 1 |  1.8
Spellcasting   | 1 |  1.8
Evocations     | 1 |  1.8
Conjurations   | 1 |  1.4
Hexes          | 1 |  1.4
Summonings     | 1 |  1.4
Necromancy     | 1 |  1.4
Translocations | 1 |  1.4
Transmutations | 1 |  1.4
Fire Magic     | 1 |  1.4
Ice Magic      | 1 |  1.4
Air Magic      | 1 |  1.4
Earth Magic    | 1 |  1.4
Poison Magic   | 1 |  1.4
Dodging        | 3 |  3.1
Invocations    | 5 |  5.0
Fighting       | |  6.8
Maces & Flails | |  4.9
Armour         | |  4.9

Action                   |  1- 3 |  4- 6 || total
-------------------------+-------+-------++-------
Melee: Mace              |   104 |    14 ||   118
       Bite              |    10 |    13 ||    23
       War axe           |       |   177 ||   177
       Punch             |       |     1 ||     1
Invok: Depart the Abyss  |     1 |       ||     1
  Use: Scroll            |     1 |       ||     1
Armor: Ring mail         |    48 |   108 ||   156
Dodge: Dodged            |    90 |   156 ||   246

Table legend: (Time is in decaauts)
 A = Elapsed time spent in this place.
 B = Non-inter-level travel time spent in this place.
 C = Inter-level travel time spent in this place.
 D = Time resting spent in this place.
 E = Time spent auto-exploring this place.
 F = Levels seen in this place.
 G = Mean time per level.
                   A        B        C        D        E       F      G
               +--------+--------+--------+--------+--------+-----+--------+
         Total |   3959 |   3592 |    367 |    155 |   2502 |   5 |  791.8 |
       Dungeon |   3757 |   3390 |    367 |    155 |   2502 |   4 |  939.2 |
         Abyss |    202 |    202 |      0 |      0 |      0 |   1 |  202.0 |
               +--------+--------+--------+--------+--------+-----+--------+

Top non-repeatable levels by time:
     D:3: 1264 daAuts
     D:2: 959 daAuts
     D:1: 927 daAuts
     D:4: 606 daAuts
 Abyss:1: 202 daAuts
